 Dungeon Crawl Stone Soup version 0.17.1-1-g73c8601 (webtiles) character file.

392 shmeve the Skirmisher (level 6, -2/56 HPs)
             Began as a Draconian Berserker on Apr 27, 2016.
             Was a Priest of Trog.
             Killed from afar by a white imp (12 damage)
             ... with a puff of frost
             ... summoned by Eustachio
             ... on level 4 of the Dungeon.
             The game lasted 00:09:07 (2953 turns).

shmeve the Skirmisher (Draconian Berserker)         Turns: 2953, Time: 00:09:07

Health: -2/56      AC:  6    Str: 22      XL:     6   Next: 51%
Magic:  6/6        EV: 13    Int:  7      God:    Trog [***...]
Gold:   73         SH:  0    Dex:  9 (10) Spells: 0 memorised, 5 levels left

rFire  . . .     SeeInvis .     a - +0 hand axe
rCold  . . .     Clarity  .     (armour unavailable)
rNeg   + . .     SustAt   .     (no shield)
rPois  .         Gourm    .     (helmet restricted)
rElec  .         Spirit   .     (no cloak)
rCorr  .         Warding  .     (no gloves)
rMut   .         Stasis   .     (no boots)
MR     ++...                    (no amulet)
Stlth  ++........               (no ring)
                                f - ring of positive energy

@: exhausted, regenerating, slowed, very slow, very resistant to hostile
enchantments, unstealthy
A: unfitting armour, cold-blooded, AC +6
a: Berserk, Trog's Hand, Burn Spellbooks, Renounce Religion


You were on level 4 of the Dungeon.
You worshipped Trog.
Trog was most pleased with you.
You were very hungry.

You visited 1 branch of the dungeon, and saw 4 of its levels.

You collected 73 gold pieces.

Inventory:

Hand Weapons
 a - a +0 hand axe (weapon)
Armour
 q - a +0 buckler
Jewellery
 f - a ring of positive energy (left hand)
Wands
 m - a wand of slowing (26)
Scrolls
 c - 3 scrolls of teleportation {unknown}
 h - 3 scrolls of identify {unknown}
 i - a scroll of remove curse {unknown}
 o - a scroll of magic mapping {unknown}
 p - a scroll of enchant weapon {unknown}
Potions
 e - 3 potions of curing {unknown}
 j - a potion of agility {unknown}
 l - a potion of brilliance {unknown}
 n - a potion of ambrosia {unknown}
Comestibles
 b - a bread ration
 d - a meat ration
 g - a slice of pizza
 k - 2 fruits


   Skills:
 - Level 5.1 Fighting
 - Level 4.8 Axes
 - Level 4.1 Dodging
 + Level 2.1 Stealth
 * Level 0.0 Shields


You had 5 spell levels left.
You didn't know any spells.

Dungeon Overview and Level Annotations

Branches:
Dungeon (4/15)
 Temple: D:4-7

Altars:
Gozag
Nemelex Xobeh

Annotations:
D:4 Eustachio


Innate Abilities, Weirdness & Mutations

Your plain brown scales are hard (AC +6).
Your body does not fit into most forms of armour.
You are cold-blooded and may be slowed by cold attacks.


Message History

The white imp is moderately wounded.
The crimson imp disappears in a puff of smoke!
The bat hits you but does no damage.
The white imp hits you but does no damage.
The bat hits you. The iron imp hits you!
* * * LOW HITPOINT WARNING * * *
Eustachio gestures wildly while chanting.
The white imp hits you but does no damage.
Your skin crawls.
You feel resistant to hostile enchantments.
You feel slightly more hungry. The bat hits you.
* * * LOW HITPOINT WARNING * * *
Eustachio casts a spell.
Eustachio blinks!
The white imp misses you.
The iron imp grins evilly.
The iron imp closely misses you. The bat completely misses you.
The shadow imp shouts, "Run away, thou wayward weather-bitten cross-patch!"
The white imp gestures at you. The puff of frost hits you!
You die...

. ... ########.##
#..@§..@...
#.55b....##
#..5.....#
#..b.##..# #######
#....# .# #.....#
#.§..# #
#.....###....##.
#................
#.........##......


You could see Eustachio, an iron imp, a white imp, a shadow imp and 2 bats.

Vanquished Creatures
  Sigmund (D:2)
  Ijyb (D:2)
  Terence (D:2)
  Robin (D:2)
  5 adders
  4 gnolls (D:3)
  A worm (D:2)
  2 giant geckos
  5 orcs (D:3)
  9 bats
  3 giant cockroaches
  9 hobgoblins
  2 jackals (D:2)
  3 quokkas
  2 giant newts (D:1)
  14 goblins
  13 kobolds
  6 rats
82 creatures vanquished.

Notes
Turn   | Place    | Note
--------------------------------------------------------------
     0 | D:1      | shmeve the Draconian Berserker began the quest for the Orb.
     0 | D:1      | Reached XP level 1. HP: 19/19 MP: 1/1
   438 | D:1      | Reached XP level 2. HP: 26/26 MP: 2/2
   863 | D:2      | Noticed Sigmund
   871 | D:2      | Killed Sigmund
   871 | D:2      | Reached skill level 4 in Fighting
   871 | D:2      | Reached skill level 1 in Stealth
   871 | D:2      | Reached XP level 3. HP: 31/34 MP: 3/3
   871 | D:2      | Reached XP level 4. HP: 37/41 MP: 4/4
   871 | D:2      | Reached XP level 5. HP: 42/47 MP: 5/5
   891 | D:2      | Noticed Robin
   903 | D:2      | Killed Robin
   905 | D:2      | Reached ** piety under Trog
  1132 | D:2      | Noticed Ijyb
  1148 | D:2      | Killed Ijyb
  1371 | D:2      | Found a sparkling altar of Nemelex Xobeh.
  1371 | D:2      | Found an opulent altar of Gozag.
  1454 | D:2      | Noticed Terence
  1462 | D:2      | Killed Terence
  1462 | D:2      | Reached *** piety under Trog
  1462 | D:2      | Reached XP level 6. HP: 55/55 MP: 6/6
  2335 | D:3      | Reached skill level 5 in Fighting
  2928 | D:4      | Noticed Eustachio
  2953 | D:4      | Killed from afar by a white imp

Action                   |  1- 3 |  4- 6 || total
-------------------------+-------+-------++-------
Melee: Hand axe          |    41 |   224 ||   265
Invok: Berserk           |     1 |     3 ||     4
       Burn Spellbooks   |       |     1 ||     1
       Trog's Hand       |       |     2 ||     2
 Stab: Sleeping          |     1 |     1 ||     2
  Eat: Chunk             |       |    10 ||    10
